Map: Proxima Station LE

Players

iaguz

  • Race: Terran Terran
  • Spawn Location: 1:00

uThermal - Winner!

  • Race: Terran Terran
  • Spawn Location: 7:00

Event: WCS Jonkoping 2017

VOD

Have the link to the VOD?

Description

Time

  • Played on: June 17, 2017, 1:47 p.m.
  • Length: 14:47

All games in this series

Show
View Real Time Build Order
Export as new Build Order

iaguz Terran 

Build Orders: Bio Tank 

Get SALT Encoding   

  12  0:01  SCV  
  13  0:13  SCV  
  14  0:18  Supply Depot  
  14  0:25  SCV  
  15  0:39  SCV  
  15  0:41  Barracks  
  16  0:44  Refinery  
  16  0:51  SCV  
  17  1:04  SCV  
  18  1:16  SCV  
  19  1:28  Barracks Reactor, Orbital Command  
  19  1:43  Command Center  
  19  1:54  Supply Depot  
  19  1:55  SCV  
  20  2:04  Marine x2  
  20  2:07  SCV  
  23  2:14  Factory  
  23  2:19  SCV  
  23  2:22  Refinery  
  24  2:24  Marine  
  24  2:26  Marine  
  26  2:31  SCV  
  27  2:42  Marine  
  27  2:43  SCV  
  29  2:44  Marine  
  30  2:55  Orbital Command, SCV  
  31  2:59  Starport  
  31  3:00  Factory Tech Lab  
  31  3:03  Marine  
  32  3:07  Marine  
  32  3:09  SCV  
  37  3:20  Siege Tank, SCV  
  37  3:22  SCV  
  37  3:26  Marine  
  37  3:27  Marine  
  40  3:32  SCV  
  42  3:34  Supply Depot  
  42  3:38  Medivac  
  44  3:45  SCV, Supply Depot  
  44  3:46  SCV  
  44  3:48  Marine  
  46  3:56  Siege Tank, Marine  
  46  3:59  SCV x2  
  52  4:05  Marine  
  53  4:11  SCV, Medivac  
  53  4:12  SCV  
  53  4:13  Marine  
  53  4:14  Supply Depot  
  53  4:15  Supply Depot  
  58  4:23  SCV  
  59  4:25  SCV, Marine  
  61  4:36  Siege Tank  
  61  4:38  Marine, Supply Depot  
  64  4:41  SCV x2  
  64  4:44  Marine  
  68  4:52  Medivac  
  68  4:53  SCV x2  
  68  4:57  Marine  
  68  4:58  Command Center  
  73  5:02  Marine  
  73  5:05  SCV, Supply Depot  
  75  5:15  Siege Tank  
  75  5:16  SCV  
  75  5:17  SCV  
  80  5:23  Barracks  
  80  5:27  Barracks  
  80  5:30  Marine  
  80  5:31  Marine, Viking  
  80  5:32  SCV  
  80  5:33  SCV  
  86  5:37  Refinery  
  86  5:38  Refinery  
  86  5:45  SCV x2  
  86  5:48  Engineering Bay  
  88  5:50  Engineering Bay  
  88  5:51  Marine x2  
  91  5:57  Siege Tank, SCV  
  94  6:09  SCV x2  
  97  6:11  Marine x2  
  97  6:12  Barracks Tech Lab  
  97  6:14  Orbital Command  
  97  6:22  SCV  
  97  6:23  SCV  
  97  6:25  Barracks Tech Lab  
  92  6:27  Terran Infantry Armor Level 1, Barracks, Terran Infantry Weapons Level 1  
  92  6:29  Marine x2  
  92  6:34  SCV  
  92  6:35  Orbital Command, SCV  
  92  6:38  Marine  
  92  6:39  Stimpack, Starport Reactor  
  94  6:41  Barracks  
  94  6:45  Marine  
  94  6:46  SCV, Combat Shields  
  96  6:47  Marine, SCV  
  96  6:51  Supply Depot  
  96  6:53  Supply Depot  
  96  6:54  Marine  
  98  6:56  Marine  
  98  6:57  Siege Tank  
  98  6:58  SCV  
  98  6:59  SCV  
  98  7:00  SCV  
  105  7:03  Marine  
  105  7:05  Marine  
  107  7:11  Marine  
  105  7:17  SCV  
  105  7:21  Marine x2  
  105  7:22  Barracks Reactor  
  108  7:23  Marine, SCV x2  
  108  7:26  Factory, Refinery  
  108  7:27  Refinery  
  108  7:28  Armory  
  108  7:29  SCV  
  112  7:32  Marine  
  112  7:35  Barracks Reactor  
  112  7:36  SCV  
  113  7:39  Marine, SCV  
  111  7:49  Marine x2, Supply Depot  
  111  7:50  Siege Tank, Marine, Supply Depot  
  118  7:52  Medivac  
  118  7:54  Medivac  
  118  7:57  Marine x2  
  122  7:59  Marine  
  123  8:07  Marine x2  
  125  8:19  Marine x2  
  125  8:21  SCV  
  125  8:22  Marine x4  
  125  8:23  Siege Tank, Medivac  
  125  8:24  Factory Tech Lab  
  125  8:25  Marine  
  136  8:31  Marine  
  136  8:32  Medivac  
  139  8:37  Marine  
  139  8:39  Supply Depot x2  
  139  8:41  Terran Infantry Weapons Level 2  
  140  8:42  Supply Depot  
  140  8:46  Command Center  
  140  8:49  Marine  
  141  8:58  Factory  
  141  9:00  Marine x2  
  141  9:01  Siege Tank x2, Marine x2  
  151  9:04  Sensor Tower  
  151  9:06  Marine x2  
  151  9:09  Sensor Tower  
  153  9:12  Viking  
  153  9:15  Viking  
  157  9:19  Marine x5  
  162  9:27  Marine x3  
  164  9:36  Marine  
  165  9:44  Factory Tech Lab  
  165  9:48  Supply Depot  
  165  9:49  Supply Depot  
  165  9:51  Supply Depot  
  165  9:57  Siege Tank x2, Marine x5  
  165  9:58  Medivac x2  
  180  10:02  Terran Infantry Armor Level 2  
  180  10:03  Terran Vehicle Weapons Level 1  
  180  10:10  Siege Tank, Marine x3  
  186  10:17  Marine x2  
  186  10:18  Marine  
  189  10:29  Siege Tank  
  189  10:31  Marine x2  
  189  10:32  Siege Tank, Marine x3  
  200  10:41  Marine x2  
  200  10:42  Marine  
  160  10:50  Marine x2  
  160  10:53  Marine  
  160  10:54  Siege Tank  
  160  10:55  SCV x2  
  165  10:58  Marine  
  165  10:59  Marine x2  
  165  11:00  Medivac x2  
  165  11:01  Siege Tank  
  170  11:04  Marine x2  
  170  11:05  Siege Tank  
  175  11:14  Marine x3  
  175  11:15  Planetary Fortress  
  175  11:16  Marine  
  177  11:20  Marine  
  177  11:21  Marine  
  177  11:22  Marine  
  177  11:27  Marine  
  177  11:31  Marine  
  177  11:32  Marine  
  179  11:44  Marine x2  
  179  11:46  SCV  
  179  11:47  SCV x2  
  184  11:51  Refinery  
  184  11:52  Refinery  
  184  11:55  Siege Tank  
  184  11:56  Siege Tank x2  
  192  12:06  Marine  
  188  12:28  Siege Tank x2  
  194  12:33  Viking  
  196  12:38  Starport  
  196  12:40  Supply Depot  
  196  12:42  Command Center  
  196  12:49  Viking  
  195  12:55  Marine  
  196  12:59  Marine  
  196  13:01  Marine  
  199  13:07  Marine x2  
  199  13:11  Marine x3  
  184  13:13  Marine  
  184  13:17  Marine  
  184  13:19  Marine  
  183  13:25  Marine  
  165  13:29  Marine  
  143  13:35  Marine  
  85  14:14  Barracks  
  85  14:15  Barracks x2  
  85  14:16  Barracks  
  84  14:17  Barracks  
Show
View Real Time Build Order
Export as new Build Order

uThermal Terran - Winner!

Build Orders: Reaper Expand, MMM Bio 

Get SALT Encoding   

  12  0:01  SCV  
  13  0:13  SCV  
  14  0:19  Supply Depot  
  14  0:26  SCV  
  14  0:27  Refinery  
  15  0:40  SCV  
  16  0:44  Barracks  
  16  0:52  SCV  
  17  1:05  SCV  
  18  1:17  SCV  
  19  1:30  Reaper  
  19  1:31  Orbital Command  
  20  1:44  Command Center  
  20  1:55  Factory  
  20  1:58  SCV  
  21  2:06  Barracks Reactor  
  21  2:10  SCV  
  22  2:16  Refinery, Supply Depot  
  22  2:22  SCV  
  23  2:38  SCV  
  23  2:41  Starport  
  23  2:42  Marine x2  
  26  2:46  Widow Mine  
  26  2:50  SCV  
  29  2:57  Orbital Command  
  29  3:00  Marine x2  
  29  3:02  SCV  
  32  3:14  SCV  
  32  3:16  Factory Tech Lab  
  32  3:18  Marine x2  
  35  3:21  Viking  
  35  3:23  SCV  
  35  3:26  SCV  
  39  3:32  Supply Depot  
  39  3:37  SCV  
  39  3:38  SCV  
  39  3:40  Marine x2  
  43  3:48  Factory Tech Lab  
  43  3:49  SCV  
  43  3:50  SCV  
  45  3:57  Raven  
  45  3:58  Marine x2  
  45  4:01  SCV  
  45  4:02  SCV  
  51  4:07  Supply Depot  
  51  4:10  Siege Tank  
  54  4:25  Command Center  
  54  4:28  Marine x2  
  54  4:29  SCV x2  
  54  4:30  Supply Depot  
  58  4:32  Supply Depot  
  58  4:41  SCV x2  
  60  4:45  Raven  
  60  4:51  Marine x2  
  60  4:52  Engineering Bay  
  64  4:53  SCV, Engineering Bay  
  64  4:56  Refinery  
  64  4:57  SCV  
  64  4:58  Refinery  
  66  5:05  SCV  
  67  5:09  SCV, Marine x2, Supply Depot  
  73  5:14  Siege Tank  
  73  5:17  SCV  
  73  5:20  Supply Depot  
  73  5:21  SCV  
  75  5:29  SCV  
  75  5:33  SCV  
  75  5:34  Terran Infantry Armor Level 1, Terran Infantry Weapons Level 1  
  77  5:36  Marine  
  77  5:41  SCV  
  79  5:45  SCV  
  79  5:46  Viking  
  79  5:47  Viking  
  84  5:52  Barracks  
  84  5:54  Marine, Barracks  
  84  5:56  SCV  
  86  5:57  SCV  
  86  6:02  Stimpack  
  87  6:05  Liberator  
  87  6:08  SCV x2  
  87  6:09  SCV  
  85  6:20  SCV  
  85  6:21  SCV  
  83  6:33  Barracks  
  83  6:34  SCV  
  83  6:36  Orbital Command, Barracks  
  83  6:44  Armory  
  83  6:46  SCV  
  82  6:54  Barracks  
  82  7:04  Supply Depot x2  
  82  7:11  Orbital Command  
  82  7:25  SCV x2  
  84  7:31  Refinery x2  
  84  7:37  Barracks Reactor x2, SCV x2  
  82  7:38  Barracks Reactor  
  82  7:39  SCV  
  85  7:49  Barracks Reactor, SCV x2  
  85  7:50  Refinery, Terran Infantry Weapons Level 2  
  87  7:51  SCV  
  87  7:52  Supply Depot  
  87  7:53  Supply Depot  
  87  7:58  Marine  
  88  8:01  SCV x2, Sensor Tower  
  88  8:04  SCV  
  91  8:13  Siege Tank  
  91  8:14  SCV x2  
  91  8:16  SCV  
  97  8:26  Marine x4, Combat Shields  
  101  8:29  Terran Infantry Armor Level 2, Supply Depot  
  101  8:30  Marine, Supply Depot  
  101  8:34  Marine  
  101  8:37  Marine, Sensor Tower  
  101  8:39  Missile Turret, Supply Depot  
  101  8:40  Missile Turret  
  103  8:41  Missile Turret  
  103  8:45  Siege Tank  
  103  8:46  Terran Vehicle Weapons Level 1  
  103  8:47  Marine x3  
  109  8:51  Marine  
  109  8:52  Supply Depot  
  109  8:53  Supply Depot  
  109  8:54  Marine  
  111  8:57  Marine x2  
  111  8:58  Marine  
  111  9:01  Medivac x2  
  118  9:03  Marine  
  118  9:05  Marine x3  
  118  9:09  Marine  
  123  9:11  Marine, Supply Depot  
  123  9:12  Supply Depot  
  123  9:14  Supply Depot  
  123  9:15  Marine  
  123  9:16  Marine  
  126  9:17  Siege Tank  
  126  9:19  Marine  
  126  9:22  Marine x2  
  131  9:25  Marine  
  131  9:26  Supply Depot  
  131  9:29  Marine  
  131  9:30  Marine  
  133  9:31  Medivac x2  
  133  9:32  Marine  
  133  9:38  Factory  
  136  9:41  Marine  
  136  9:43  Command Center  
  136  9:45  Marine x4  
  139  9:48  Marine  
  139  9:51  Siege Tank  
  145  9:54  Marine x2  
  145  9:55  Marine, Supply Depot  
  145  9:59  Marine  
  149  10:00  Supply Depot  
  149  10:01  Medivac x2  
  149  10:02  Supply Depot  
  149  10:03  Marine x3  
  149  10:06  Marine x2  
  158  10:09  Supply Depot  
  158  10:12  Marine x2  
  160  10:14  Marine  
  160  10:17  Marine  
  160  10:19  Supply Depot  
  160  10:20  Marine  
  160  10:21  Marine x2  
  164  10:23  Siege Tank  
  166  10:31  Terran Infantry Weapons Level 3  
  166  10:33  Marine x3  
  169  10:42  Marine x3  
  146  10:44  Marine x3  
  146  10:48  Medivac x2  
  154  10:51  Marine x3, Factory Tech Lab  
  157  11:00  Marine x3  
  157  11:01  Marine, Terran Infantry Armor Level 3  
  157  11:02  Marine  
  162  11:05  Marine  
  162  11:08  Marine  
  162  11:09  Marine x2  
  166  11:16  Siege Tank  
  166  11:18  Marine x3, Medivac x2  
  173  11:19  Marine  
  173  11:20  Marine  
  173  11:25  Planetary Fortress  
  175  11:26  Marine  
  175  11:27  Marine x2  
  175  11:28  Marine  
  175  11:29  Siege Tank  
  182  11:35  Marine  
  182  11:36  Marine  
  182  11:37  Marine x2  
  182  11:38  Marine  
  187  11:43  Marine  
  187  11:45  Marine x2  
  190  11:48  Siege Tank, Marine  
  190  11:53  Marine  
  195  11:54  Marine x2  
  195  11:55  Marine  
  195  11:56  Marine  
  199  12:01  Marine  
  200  12:33  Command Center  
  200  12:50  Marine x3  
  198  12:58  Marine x2  
  195  13:06  Marine x3  
  195  13:10  Marine x4  
  195  13:11  Siege Tank  
  198  13:15  Marine x2  
  198  13:17  Siege Tank  
  198  13:24  Marine x2  
  198  13:28  Marine x3  
  198  13:29  Marine x2  
  198  13:33  Marine x2  
  174  13:42  Marine x2  
  174  13:43  Siege Tank  
  174  13:45  Marine  
  174  13:46  Marine x2  
  174  13:47  Marine x2  
  164  13:51  Marine x2  
  146  13:57  Medivac  
  146  14:00  Marine x2  
  148  14:03  Siege Tank, Marine  
  148  14:04  Marine x2  
  148  14:05  Marine x2  
  148  14:09  Marine x2  
  158  14:17  Marine x2  
  158  14:18  Supply Depot  
  158  14:21  Marine x3  
  158  14:22  Marine  
  158  14:24  Marine  
  167  14:25  Command Center  
Tags
 
Add a new tag
Caveats
  • Supply blocks, unpowered buildings, or Contaminate may cause inaccurate times.
  • Supply counts are checked every 10 seconds.